 Dungeon Crawl Stone Soup version 0.28.0-43-g3370ac3207 (webtiles) character file.

Game seed: 10450008555108505408

18 Kaptain the Digger (level 2, 0/16 HPs)
             Began as a Gargoyle Earth Elementalist on Mar 18, 2022.
             Slain by an adder (2 damage)
             ... on level 2 of the Dungeon.
             The game lasted 00:01:33 (988 turns).

Kaptain the Digger (Gargoyle Earth Elementalist)     Turns: 988, Time: 00:01:34

Health: 0/16       AC:  4    Str: 11    XL:     2   Next: 70%
Magic:  0/5        EV: 12    Int: 15    God:
Gold:   22         SH:  0    Dex: 12    Spells: 4/5 levels left

rFire   . . .      SeeInvis .   h - +0 dagger
rCold   . . .      Faith    .   (no shield)
rNeg    + . .      Spirit   .   b - +0 robe
rPois   ∞          Reflect  .   (no helmet)
rElec   +          Harm     .   (no cloak)
rCorr   .          Rampage  .   (no gloves)
Will    .....                   (no boots)
Stlth   ++........              (no amulet)
HPRegen 0.05/turn               (no ring)
MPRegen 0.09/turn               (no ring)

@: no status effects
A: sickness immunity, AC +2, negative energy resistance 1, electricity
resistance, torment resistance 1, petrification resistance, agile 1, wild magic
1
a: no special abilities


You were on level 2 of the Dungeon.
You visited 1 branch of the dungeon, and saw 2 of its levels.

You collected 22 gold pieces.

Inventory:

Hand Weapons
 h - a +0 dagger (weapon)
Missiles
 c - 19 stones
 g - 24 sling bullets
Armour
 b - a +0 robe (worn)
Wands
 i - a wand of iceblast (6)
Scrolls
 a - 2 scrolls of teleportation {unknown}
Potions
 e - a potion of flight {unknown}
 f - 2 potions of curing {unknown}


   Skills:
 * Level 0.9 Fighting
 + Level 0.6 Armour
 + Level 1.6 Dodging
 - Level 2.1 Stealth
 * Level 2.1 Spellcasting
 * Level 1.0 Conjurations
 - Level 0.7 Transmutations
 * Level 3.8 Earth Magic


You had 4 spell levels left.
You knew the following spells:

 Your Spells              Type           Power      Damage    Failure   Level
a - Sandblast             Erth           34%        2d9       8%          1

Your spell library contained the following spells:

 Spells                   Type           Power      Damage    Failure   Level
 Passwall                 Tmut/Erth      9%         N/A       19%         2
 Stone Arrow              Conj/Erth      22%        3d8       32%         3
 Petrify                  Tmut/Erth      11%        N/A       71%         4


Dungeon Overview and Level Annotations

Branches:
Dungeon (2/15)

Altars:


Innate Abilities, Weirdness & Mutations

You are immune to sickness and miasma.
Your stone body is resilient. (AC +2)
You are immune to poison.
You resist negative energy. (rN+)
You are resistant to electric shocks. (rElec)
You are resistant to unholy torment.
You are immune to petrification.
You are agile. (Dex +2)
Your spells are a little harder to cast, but a little more powerful.


Message History

Confirm with . or Enter, or press ? or * to list all spells.
Aiming: Sandblast (safe; 4% risk of failure)
Press: ? - help, Shift-Dir - straight line, f/p - adder
Aim: an adder (lightly wounded, 66% to hit)
The blast of sand hits the adder.
The adder is heavily wounded.
The adder bites you but does no damage. The adder closely misses you.
Unknown command.
Unknown command.
Casting: Sandblast (safe; 4% risk of failure)
Confirm with . or Enter, or press ? or * to list all spells.
Aiming: Sandblast (safe; 4% risk of failure)
Press: ? - help, Shift-Dir - straight line, f/p - adder
Aim: an adder (heavily wounded, 66% to hit)
The blast of sand hits the adder but does no damage.
The adder is heavily wounded.
The adder bites you.
Unknown command.
You miss the adder.
The adder is heavily wounded.
The adder barely misses you. The adder bites you.
You completely miss the adder.
The adder is heavily wounded.
The adder bites you. The adder bites you.
Casting: Sandblast (safe; 4% risk of failure)
Confirm with . or Enter, or press ? or * to list all spells.
Aiming: Sandblast (safe; 4% risk of failure)
Press: ? - help, Shift-Dir - straight line, f/p - adder
Aim: an adder (heavily wounded, 66% to hit)
The blast of sand hits the adder.
The adder is heavily wounded.
The adder bites you but does no damage.
Unknown command.
The adder bites you.
* * * LOW HITPOINT WARNING * * *
It was a potion of mutation.
You feel extremely strange.
You feel less in control of your magic.
You feel agile. The adder bites you.
You die...

......# #.....#
#...>.# #.....#
#..††.# #####.###
#.......#
##.###.#.#
#.#.@S.#.#
#...###..##.####.
#...##
#........... ###
#.###.#.####
#.......#
#####.### ##.##
#...# #.<.#


You could see an adder.

Vanquished Creatures
  3 endoplasms (D:1)
  4 giant cockroaches (D:1)
  2 hobgoblins
  A quokka (D:1)
  A bat (D:2)
  2 goblins (D:1)
  3 rats
16 creatures vanquished.

Notes
Turn   | Place    | Note
-------+----------+-------------------------------------------
     0 | D:1      | Kaptain the Gargoyle Earth Elementalist began the quest for
                  | the Orb.
     0 | D:1      | Reached XP level 1. HP: 10/10 MP: 3/3
   337 | D:1      | Reached XP level 2. HP: 16/16 MP: 3/5
   923 | D:2      | Reached skill level 1 in Conjurations
   988 | D:2      | Gained mutation: Your spells are a little harder to cast,
                  | but a little more powerful. [potion of mutation]
   988 | D:2      | Gained mutation: You are agile. (Dex +2) [potion of
                  | mutation]
   988 | D:2      | Slain by an adder

Illustrated notes

Levels and vault maps discovered:
D:1:      minmay_arrival_arboretum_small, layout_basic
D:2:      layout_loops_cross

Skill      XL: |  1  2 |
---------------+-------+-----
Conjurations   | 1 |  1.0
Fighting       | |  0.9
Armour         | |  0.6
Dodging        | |  1.6
Stealth        | |  2.1
Spellcasting   | |  2.1
Transmutations | |  0.7
Earth Magic    | |  3.8

Action                   || total
-------------------------++-------
Melee: Unarmed           ||     8
       Dagger            ||     2
 Cast: Sandblast         ||    32
  Use: Potion            ||     1
Armor: Robe              ||     7
Dodge: Dodged            ||    12
